 Dungeon Crawl Stone Soup version 0.30-a0-949-g53dc5368d7 (webtiles) character file.

Game seed: 5921982157508064268

625 GigaChad the Shield-Bearer (level 7, -23/55 HPs)
             Began as a Formicid Fighter on Mar 27, 2023.
             Was an Initiate of Okawaru.
             Annihilated by an ogre
             ... wielding a +0 giant club
              (27 damage)
             ... on level 5 of the Dungeon.
             The game lasted 00:05:16 (4622 turns).

GigaChad the Shield-Bearer (Formicid Fighter)       Turns: 4622, Time: 00:05:17

Health: -23/55     AC:  7    Str: 23    XL:     7   Next: 76%
Magic:  8/8        EV:  9    Int:  7    God:    Okawaru [......]
Gold:   251        SH: 11    Dex: 19    Spells: 8/8 levels left

rFire   . . .      SeeInvis +    a - +0 war axe
rCold   . . .      Faith    .    i - +0 kite shield
rNeg    . . .      Spirit   .    b - +0 scale mail
rPois   .          Reflect  .    (helmet unavailable)
rElec   .          Rampage  .    (no cloak)
rCorr   .                        (no gloves)
Will    .....                    (no boots) Stlth
                                 (no amulet)
HPRegen 0.29/turn                e - +6 ring of dexterity
MPRegen 0.11/turn                (no ring)

@: no status effects
A: permanent stasis, dig shafts and tunnels, antennae 3, four strong arms
a: Dig, Shaft Self, Renounce Religion


You were on level 5 of the Dungeon.
You worshipped Okawaru.
Okawaru was noncommittal.
You visited 2 branches of the dungeon, and saw 6 of its levels.

You collected 251 gold pieces.

Inventory:

Hand Weapons
 a - a +0 war axe (weapon)
 s - a +0 great mace
Missiles
 v - a throwing net
Armour
 b - a +0 scale mail (worn)
 c - a +0 buckler
 i - a +0 kite shield (worn)
Jewellery
 e - a +6 ring of dexterity (left hand)
 p - a ring of fire
 r - a ring of protection from cold
Wands
 f - a wand of flame (16)
 x - a wand of iceblast (2)
Scrolls
 g - a scroll of torment
 k - a scroll of poison
 t - a scroll of teleportation {unknown}
 u - a scroll of fear {unknown}
 y - a scroll of enchant weapon {unknown}
 z - a scroll of identify
Potions
 d - 4 potions of might
 h - a potion of flight {unknown}
 j - 3 potions of heal wounds
 l - 3 potions of curing {unknown}
 m - 2 potions of lignification {unknown}
 n - a potion of magic {unknown}
 o - a potion of cancellation {unknown}
 q - 2 potions of ambrosia {unknown}
 w - a potion of berserk rage {unknown}


   Skills:
 * Level 4.7 Fighting
 + Level 5.2 Axes
 * Level 4.9 Armour
 * Level 1.4 Dodging
 * Level 5.6 Shields
 * Level 1.3 Spellcasting


You had 8 spell levels left.
You didn't know any spells.
Your spell library contained the following spells:

 Spells                   Type           Power      Damage    Failure   Level
 Slow                     Hex            0%         N/A       92%         1
 Momentum Strike          Conj/Tloc      0%         3d8       98%         2
 Poisonous Vapours        Pois/Air       0%         N/A       98%         2
 Confusing Touch          Hex            0%         N/A       100%        3
 Ozocubu's Armour         Ice            0%         N/A       100%        3
 Spider Form              Tmut/Pois      0%         N/A       100%        3
 Vampiric Draining        Necr           0%         2d6       100%        3
 Fireball                 Conj/Fire      0%         3d3       100%        5
 Metabolic Englaciation   Hex/Ice        0%         N/A       100%        5
 Simulacrum               Ice/Necr       Unusable   N/A       N/A         6

Dungeon Overview and Level Annotations

Branches:
Dungeon (5/15)             Temple (1/1) D:5

Altars:
Ashenzari
Cheibriados
Dithmenos
Fedhas
Kikubaaqudgha
Makhleb
Nemelex Xobeh
Okawaru
Qazlal
Ru
Sif Muna
Uskayaw
Vehumet
Xom
Yredelemnul
Zin
The Shining One

Annotations:
D:5 Sigmund


Innate Abilities, Weirdness & Mutations

You cannot be hasted, slowed, berserked, paralysed or teleported.
You can dig through walls and to a lower floor.
You have a pair of large antennae on your head. (SInv)
Your four strong arms can wield two-handed weapons with a shield.


Message History

No target in view!
No target in view!
You now have 239 gold pieces (gained 9).
You now have 251 gold pieces (gained 12).
Found a stone staircase leading down.
Sigmund the Dreaded comes into view.
He is wielding a +0 scythe.
Sigmund shouts!
An ogre comes into view. It is wielding a +0 giant club.
Sigmund mumbles some strange words.
Sigmund flickers and vanishes for a moment.
The ogre shouts!
Sigmund hits you from afar with a +0 scythe.
You barely miss Sigmund. You hit the ogre. You block Sigmund's attack.
You block the ogre's attack.
You barely miss the ogre.
The ogre is lightly wounded.
You closely miss Sigmund. You block Sigmund's attack.
The ogre hits you with a +0 giant club!!
Unknown command.
You hit the ogre.
The ogre is lightly wounded.
You barely miss Sigmund. Sigmund hits you but does no damage.
The ogre hits you with a +0 giant club!!
* * * LOW HITPOINT WARNING * * *
You are too injured to fight recklessly!
Unknown command.
You are too injured to fight recklessly!
Unknown command.
You are too injured to fight recklessly!
You feel much better. Sigmund hits you with a +0 scythe!
You completely miss Sigmund. You hit the ogre but do no damage.
The ogre hits you with a +0 giant club!!
* * * LOW HITPOINT WARNING * * *
Sigmund hits you with a +0 scythe.
* * * LOW HITPOINT WARNING * * *
You slash Sigmund!
Sigmund is heavily wounded.
You slash the ogre!
The ogre hits you with a +0 giant club!!
You die...

####...# #.. ....#
#.### #####.. #... #.
....... ###..## .#.
......#..#...###...
#...... .........#
###....##........##.
#....O>..##.........
#....@@............
.....###...#......##..
#.. #####......##.. #
#.........#
##........###
##............
##.......#.....
#.......####...
###.#...##.#..#


You could see an ogre and Sigmund (invisible).

Vanquished Creatures
  A gnoll sergeant (D:5)
  2 scorpions
  3 vampire bats (D:5)
  A jelly (D:4)
  2 iguanas
  Ijyb (D:5)
  5 adders
  4 gnolls (D:5)
  3 ufetubi
  2 worms (D:2)
  2 dart slugs (D:5)
  6 orcs
  2 bat skeletons (D:5)
  4 bat zombies (D:5)
  6 endoplasms
  4 giant cockroaches
  10 goblins
  12 hobgoblins
  5 jackals
  5 quokkas
  8 ball pythons
  4 bats
  A frilled lizard (D:1)
  13 kobolds
  5 rats
111 creatures vanquished.

Notes
Turn   | Place    | Note
-------+----------+-------------------------------------------
     0 | D:1      | GigaChad the Formicid Fighter began the quest for the Orb.
     0 | D:1      | Reached XP level 1. HP: 18/18 MP: 1/1
   143 | D:1      | Reached XP level 2. HP: 24/24 MP: 2/2
   879 | D:1      | Reached XP level 3. HP: 27/30 MP: 3/3
  1477 | D:2      | Reached XP level 4. HP: 37/37 MP: 4/4
  2184 | D:3      | Found a faded altar of an unknown god.
  2201 | D:3      | Noticed a scorpion
  2211 | D:3      | Reached XP level 5. HP: 4/42 MP: 5/5
  2211 | D:3      | HP: 2/42 [poisoned by a scorpion]
  2708 | D:3      | Got Fyisoiz's Folio of Luminous Poison
  2709 | D:3      | Found a glowing golden altar of the Shining One.
  3011 | D:4      | Reached XP level 6. HP: 41/48 MP: 6/6
  3255 | D:4      | Reached skill level 5 in Shields
  3414 | D:4      | Found a hide-covered altar of Uskayaw.
  3584 | D:4      | Found a radiant altar of Vehumet.
  3906 | D:5      | Entered Level 5 of the Dungeon
  3925 | D:5      | Noticed Ijyb
  3931 | D:5      | Killed Ijyb
  3987 | D:5      | Reached XP level 7. HP: 55/55 MP: 7/7
  3993 | D:5      | Reached skill level 1 in Dodging
  3996 | D:5      | Reached skill level 5 in Axes
  4005 | D:5      | Reached skill level 1 in Spellcasting
  4005 | D:5      | Found a staircase to the Ecumenical Temple.
  4365 | D:5      | Found a shimmering blue altar of Sif Muna.
  4434 | Temple   | Entered the Ecumenical Temple
  4459 | Temple   | Became a worshipper of Warmaster Okawaru
  4491 | D:5      | Found an ancient bone altar of Kikubaaqudgha.
  4612 | D:5      | Noticed Sigmund
  4622 | D:5      | Annihilated by an ogre

Illustrated notes

Levels and vault maps discovered:
D:1:      eino_arrival_cavern_a, layout_basic, serial_co_window_serial,
          co_window_of_opportunity_a, co_window_cross_1, co_window_corner_a,
          co_window_paths_b, co_window_of_opportunity_a,
          co_window_of_opportunity_a, co_window_corner_a, co_window_broadway_b,
          co_window_of_opportunity_c, co_window_cross_3, co_window_paths_c,
          co_window_2corner, co_window_2corner, co_window_corner_ca,
          glass_columns_b, glass_columns_c, glass_columns_a, glass_columns_a
D:2:      layout_loops_ring, kennysheep_decorative_pillar,
          small_statue_intersection
D:3:      layout_rooms, nicolae_tso_carved_into_rock,
          chequers_ecumenical_altar_simple_redux, kennysheep_path_1
D:4:      layout_loops_cross, overflow_temple_1_default,
          mainiacjoe_overflow_catwalk, minmay_misc_feat_five, st_stairs_2,
          hangedman_decor_growths, grunt_ministairs_8
D:5:      layout_cave_pools, mainiacjoe_overflow_brackets,
          kennysheep_vampire_church, led_sif_pool,
          minmay_temple_entry_statues_pillars, uniq_sigmund, uniq_ijyb
Temple:   hellmonk_temple_two_chambers

Skill      XL: |  1  2  3  4  5  6  7 |
---------------+----------------------+-----
Armour         | 4 |  4.9
Axes           | 3 4 5 |  5.2
Fighting       | 4 |  4.7
Shields        | 5 |  5.6
Dodging        | 1 |  1.4
Spellcasting   | 1 |  1.3

Action                     |  1- 3 |  4- 6 |  7- 9 || total
---------------------------+-------+-------+-------++-------
  Melee: War axe           |    75 |   138 |    35 ||   248
Ability: Dig               |       |     4 |       ||     4
    Use: Scroll            |       |     5 |       ||     5
         Potion            |       |     1 |     2 ||     3
 Armour: Scale mail        |    31 |    64 |    22 ||   117
  Dodge: Dodged            |    30 |    45 |    22 ||    97
  Block: Buckler           |     9 |       |       ||     9
         Kite shield       |    17 |    81 |    35 ||   133

Table legend: (Time is in decaauts)
 A = Elapsed time spent in this place.
 B = Non-inter-level travel time spent in this place.
 C = Inter-level travel time spent in this place.
 D = Time resting spent in this place.
 E = Time spent auto-exploring this place.
 F = Levels seen in this place.
 G = Mean time per level.
                   A        B        C        D        E       F      G
               +--------+--------+--------+--------+--------+-----+--------+
         Total |   4726 |   4641 |     85 |    638 |   3203 |   6 |  787.7 |
       Dungeon |   4687 |   4602 |     85 |    638 |   3203 |   5 |  937.4 |
        Temple |     38 |     38 |      0 |      0 |      0 |   1 |   38.0 |
               +--------+--------+--------+--------+--------+-----+--------+

Top non-repeatable levels by time:
     D:1: 1318 daAuts
     D:4: 932 daAuts
     D:2: 895 daAuts
     D:3: 847 daAuts
     D:5: 693 daAuts
  Temple: 38 daAuts
